 Dungeon Crawl Stone Soup version 0.31-a0-1074-g0b22e4e0f1 (webtiles) character file.

Game seed: 5148144183249551742

255 IsekaiLord the Changeling (level 6, -10/46 HPs)
             Began as a Human Shapeshifter on Dec 4, 2023.
             Mangled by an ogre
             ... wielding a +0 giant spiked club
              (25 damage)
             ... on level 4 of the Dungeon on Dec 6, 2023.
             The game lasted 00:11:47 (3053 turns).

IsekaiLord the Changeling (Human Shapeshifter)      Turns: 3053, Time: 00:11:48

Health: -10/46     AC:  2    Str: 15    XL:     6   Next: 38%
Magic:  6/6        EV: 12    Int: 15    God:
Gold:   191        SH:  0    Dex: 11    Spells: 1/5 levels left

rFire   . .          .
                       - Unarmed
rCold   . . .        (no shield)
rNeg    . . .        a - +0 animal skin
rPois   .            (helmet currently unavailable)
rElec   .            (cloak currently unavailable)
rCorr   .            (gloves currently unavailable)
SInv    .            (boots currently unavailable)
Will    .....        (no amulet)
Stlth   +            (no ring)
HPRegen 0.27/turn    (no ring)
MPRegen 0.10/turn

%: no passive effects
@: beast-form
A: beast (slay +2), horns 1, clever 1, MP-powered wands
a: Begin Untransformation


You were on level 4 of the Dungeon.
You were a hulking beast.
You visited 1 branch of the dungeon, and saw 4 of its levels.

You collected 191 gold pieces.

Inventory:

Hand Weapons
 i - a +0 whip of flaming
Armour
 a - a +0 animal skin (worn)
Talismans
 c - a beast talisman
 d - a flux talisman
Wands
 b - a wand of iceblast (4)
 r - a wand of flame (10)
Scrolls
 e - a scroll of enchant weapon {unknown}
 f - a scroll of amnesia
 h - 2 scrolls of identify
 j - a scroll of blinking (quivered)
 k - 3 scrolls of vulnerability {unknown}
 l - 2 scrolls of fog {unknown}
 m - a scroll of teleportation {unknown}
 o - a scroll of immolation {unknown}
Potions
 n - 2 potions of lignification
 p - a potion of mutation
 q - a potion of degeneration {unknown}


   Skills:
 + Level 2.9 Fighting
 + Level 2.6 Armour
 - Level 2.0 Dodging
 - Level 3.0 Unarmed Combat
 * Level 4.9 Shapeshifting


You had one spell level left.
You knew the following spells:

 Your Spells              Type           Power      Damage    Failure   Level
a - Animate Armour        Summ/Erth      0%         N/A       95%         4

Your spell library contained the following spells:

 Spells                   Type           Power      Damage    Failure   Level
 Kiss of Death            Conj/Necr      0%         2d5       26%         1
 Sandblast                Erth           0%         2d4       26%         1
 Passwall                 Tmut/Erth      0%         N/A       38%         2
 Confusing Touch          Hex            0%         N/A       63%         3
 Stone Arrow              Conj/Erth      0%         3d7       63%         3
 Brom's Barrelling Bould  Conj/Erth      0%         2d3       95%         4
 Dispel Undead            Necr           0%         3d6       95%         4
 Lehudib's Crystal Spear  Conj/Erth      0%         10d2      100%        8


Dungeon Overview and Level Annotations

Branches:
Dungeon (4/15)
 Temple: D:4-7

Altars:
Dithmenos
Kikubaaqudgha
Qazlal
Sif Muna
Xom
The Shining One

Shops:
D:1 :   D:2 (


Innate Abilities, Weirdness & Mutations

You are a hulking beast.
Your limbs bulge with bestial killing power. (Slay +2)
You have a pair of small horns on your head.
Your mind is acute. (Int +4, Str/Dex -1)
You expend magic power (3 MP) to strengthen your wands.


Message History

There is a stone staircase leading down here.
You climb downwards.
There is a stone staircase leading up here.
Welcome back, IsekaiLord the Human Shapeshifter.
Press ? for a list of commands and other information.
Found an escape hatch in the floor.
q - a viscous black potion
Found 3 poisoned darts.
r - a wand of flame (10)
k - 3 scrolls labelled NEJEOLEJUT (gained 1)
A giant cockroach comes into view.
The giant cockroach barely misses you.
The giant cockroach bites you but does no damage.
You hit the giant cockroach but do no damage.
You headbutt the giant cockroach.
The giant cockroach is almost dead.
The giant cockroach bites you but does no damage.
You punch the giant cockroach!
You kill the giant cockroach!
No target in view!
Found a pair of gloves.
No target in view!
Found a short sword.
You see here a +0 short sword.
An ogre comes into view. It is wielding a +0 giant spiked club.
An ogre is nearby!
The ogre shouts!
Found a helmet.
The ogre hits you with a +0 giant spiked club!!!
Ouch! That really hurt!
* * * LOW HITPOINT WARNING * * *
You are too injured to fight recklessly!
You are too injured to fight recklessly!
You are too injured to fight recklessly!
You are too injured to fight recklessly!
You are too injured to fight recklessly!
You feel better.
The ogre hits you with a +0 giant spiked club!!
Ouch! That really hurt!
You die...

..######## #...#
#.# ....# #[#
###.# #.# #.# #.#
###.# #.# .[..###
#.# ###...## #O#
###..# #h#
##.#### #.#
##...(######.####
###
#........)....!.#
..#
#.....######.##.#
#.# #.....# #.# #
#.# #.....# #.#
#.# #.....# #.#
#.###.....# #.#


You could see an ogre.

Vanquished Creatures
  A black bear (D:3)
  An orc priest (D:3)
  4 adders
  4 gnolls (D:2)
  A worm (D:3)
  3 dart slugs
  3 orcs (D:3)
  3 ball pythons
  5 bats
  3 endoplasms
  A giant cockroach (D:4)
  A goblin (D:2)
  4 hobgoblins
  3 quokkas (D:3)
  5 frilled lizards
  12 kobolds
  5 rats
59 creatures vanquished.

Notes
Turn   | Place    | Note
-------+----------+-------------------------------------------
     0 | D:1      | IsekaiLord the Human Shapeshifter began the quest for the
                  | Orb.
     0 | D:1      | Reached XP level 1. HP: 15/15 MP: 1/1
   181 | D:1      | Reached XP level 2. HP: 21/21 MP: 2/2
   339 | D:1      | Found Uwkill's Book Emporium.
  1095 | D:2      | Gained mutation: You sometimes lose your temper in combat.
                  | [potion of mutation]
  1097 | D:2      | Reached skill level 1 in Armour
  1097 | D:2      | Reached XP level 3. HP: 26/26 MP: 3/3
  1107 | D:2      | Lost mutation: You sometimes lose your temper in combat.
                  | [potion of mutation]
  1107 | D:2      | Gained mutation: Your spells are a little harder to cast,
                  | but a little more powerful. [potion of mutation]
  1107 | D:2      | Gained mutation: You have very sharp teeth. [potion of
                  | mutation]
  1108 | D:2      | Lost mutation: Your spells are a little harder to cast, but
                  | a little more powerful. [potion of mutation]
  1108 | D:2      | Lost mutation: You have very sharp teeth. [potion of
                  | mutation]
  1108 | D:2      | Gained mutation: Your body sometimes deteriorates upon
                  | taking damage. [potion of mutation]
  1108 | D:2      | Gained mutation: Your muscles are strong. (Str +4, Int/Dex
                  | -1) [potion of mutation]
  1108 | D:2      | Gained mutation: You are clumsy. (Dex -2) [potion of
                  | mutation]
  1109 | D:2      | Lost mutation: Your muscles are strong. (Str +4, Int/Dex
                  | -1) [potion of mutation]
  1109 | D:2      | Lost mutation: You are clumsy. (Dex -2) [potion of
                  | mutation]
  1109 | D:2      | Lost mutation: Your body sometimes deteriorates upon taking
                  | damage. [potion of mutation]
  1109 | D:2      | Gained mutation: You have hidden genetic potential. [potion
                  | of mutation]
  1136 | D:2      | Reached XP level 4. HP: 22/33 MP: 4/4
  1486 | D:2      | Found Mowetef's Weapon Shoppe.
  1514 | D:2      | Reached skill level 4 in Shapeshifting
  1514 | D:2      | Gained mutation: You have sharp toenails. [hidden
                  | potential]
  1686 | D:3      | Reached XP level 5. HP: 16/38 MP: 5/5
  1699 | D:3      | Gained mutation: Your mind is acute. (Int +4, Str/Dex -1)
                  | [hidden potential]
  1699 | D:3      | Lost mutation: You have hidden genetic potential. [hidden
                  | potential expressed]
  1791 | D:3      | Learned a level 4 spell: Animate Armour
  1791 | D:3      | Lost mutation: You have sharp toenails. [potion of
                  | mutation]
  1791 | D:3      | Lost mutation: Your mind is acute. (Int +4, Str/Dex -1)
                  | [potion of mutation]
  1791 | D:3      | Gained mutation: You expend magic power (3 MP) to
                  | strengthen your wands. [potion of mutation]
  1791 | D:3      | Gained mutation: Your mind is acute. (Int +4, Str/Dex -1)
                  | [potion of mutation]
  1791 | D:3      | Gained mutation: You have a pair of small horns on your
                  | head. [potion of mutation]
  2102 | D:3      | Found a faded altar of an unknown god.
  2112 | D:3      | Noticed a black bear
  2126 | D:3      | Killed a black bear
  2127 | D:3      | Reached XP level 6. HP: 24/46 MP: 6/6
  2834 | D:3      | Found a shadowy altar of Dithmenos.
  2843 | D:3      | Found a shimmering altar of Xom.
  2844 | D:3      | Found a shimmering blue altar of Sif Muna.
  2845 | D:3      | Found an ancient bone altar of Kikubaaqudgha.
  2846 | D:3      | Found a stormy altar of Qazlal.
  2849 | D:3      | Found a glowing golden altar of the Shining One.
  3049 | D:4      | Noticed an ogre
  3053 | D:4      | Mangled by an ogre

Illustrated notes

Levels and vault maps discovered:
D:1:      lemuel_arrival_river_ford, layout_loops_ring, serial_shops,
          nicolae_book_shop_shelving
D:2:      layout_rooms, serial_shops, nicolae_shop_tiny_waterfront
D:3:      minmay_angry_zag, layout_basic, minitemple,
          shapermc_ecumenical_altar_mp_urbaneastern
D:4:      layout_basic, uniq_menkaure

Skill      XL: |  1  2  3  4 |
---------------+-------------+-----
Armour         | 1 2 |  2.6
Fighting       | 2 |  2.9
Shapeshifting  | 4 |  4.9
Dodging        | |  2.0
Unarmed Combat | |  3.0

Action                     |  1- 3 |  4- 6 || total
---------------------------+-------+-------++-------
  Melee: Unarmed           |    45 |    75 ||   120
         Whip              |     1 |    17 ||    18
         Kick              |       |     4 ||     4
         Punch             |       |     2 ||     2
         Headbutt          |       |    14 ||    14
    Use: Potion            |     7 |     2 ||     9
         Scroll            |     2 |       ||     2
   Stab: Sleeping          |       |     1 ||     1
 Armour: Animal skin       |    29 |    51 ||    80
         Skin              |    30 |       ||    30
  Dodge: Dodged            |    32 |    72 ||   104

Table legend: (Time is in decaauts)
 A = Elapsed time spent in this place.
 B = Non-inter-level travel time spent in this place.
 C = Inter-level travel time spent in this place.
 D = Time resting spent in this place.
 E = Time spent auto-exploring this place.
 F = Levels seen in this place.
 G = Mean time per level.
                   A        B        C        D        E       F      G
               +--------+--------+--------+--------+--------+-----+--------+
         Total |   3054 |   2985 |     69 |      0 |   2549 |   4 |  763.5 |
       Dungeon |   3054 |   2985 |     69 |      0 |   2549 |   4 |  763.5 |
               +--------+--------+--------+--------+--------+-----+--------+

Top non-repeatable levels by time:
     D:3: 1359 daAuts
     D:1: 1018 daAuts
     D:2: 579 daAuts
     D:4: 96 daAuts
